AoeStats
← Kaya

Arabia

509791098Analyzed
1v1 RM · 3d ago on Sep 28, 2026· 38m 10s· 2 players
Game mode
Random Map
Map size
Tiny (2 player)
Population
200
Speed
Normal
Resources
Standard
Victory
Conquest
Starting age
Dark Age
Ending age
Imperial Age
RankedLock teamsTeams togetherTeam positionsShared explorationLock speedFull tech treeHidden civsTurbo modeCheats
Victory
Defeat
🇹🇼 Inca · Taiwan
979
+18
🇦🇷 Goths · Argentina
1018
-18
mike95987
7:56 Loom
10:41 Feudal Age
11:12 Champi Runner
12:39 Double-Bit Axe
15:29 Horse Collar
22:47 Castle Age
23:59 Bow Saw
25:18 Gold Mining
26:44 Elite Skirmisher
28:53 Fletching
32:26 Wheelbarrow
33:43 Heavy Plow
34:06 Padded Archer Armor
34:02 Bodkin Arrow
37:34 Imperial Age
35:12 Squires
35:48 Forging
35:38 Scale Mail Armor
36:12 Stone Mining
36:52 Scale Mail Armor
37:08 Leather Archer Armor
38:51 Hand Cart
Kaya
0:28 Loom
11:15 Feudal Age
12:12 Double-Bit Axe
15:54 Fletching
28:22 Castle Age
26:57 Padded Archer Armor
28:48 Crossbowman
29:48 Leather Archer Armor
31:05 Scale Mail Armor
34:40 Wheelbarrow
33:51 Town Watch
34:22 Bow Saw
35:13 Squires
36:38 Forging
38:26 Chain Mail Armor
41:00 Imperial Age
Connection lost

Rejoining the realm…

Still unreachable

The connection could not be restored.

Session expired

The server has moved on; the page needs a fresh start.